 Dungeon Crawl Stone Soup version 0.31.0-12-g77e489cdc1 (webtiles) character file.

Game seed: 200929240863980503

701 PaiMei the Grave Robber (level 7, 0/52 HPs)
             Began as a Demonspawn Necromancer on Mar 5, 2024.
             Shot with an arrow by a centaur (7 damage)
             ... on level 5 of the Dungeon.
             The game lasted 00:09:54 (6907 turns).

PaiMei the Grave Robber (Demonspawn Necromancer)    Turns: 6907, Time: 00:09:54

Health: 0/52       AC:  4    Str:  8    XL:     7   Next: 38%
Magic:  11/13      EV: 14    Int: 17    God:
Gold:   270        SH:  0    Dex: 18    Spells: 6/14 levels left

rFire   . . .        C - +0 morningstar of Haupal {flame, Fly Dex+4 Stlth+}
rCold   . . .        (no shield)
rNeg    . . .        a - +0 robe
rPois   .            (helmet restricted)
rElec   .            (no cloak)
rCorr   .            w - +0 pair of gloves
SInv    .            m - +0 pair of boots
Will    .....        (no amulet)
Stlth   +++          (no ring)
HPRegen 0.28/turn    (no ring)
MPRegen 0.13/turn

%: no passive effects
@: lethally poisoned (0 -> -5), flying
A: antennae 2, ignite blood 1, demonic touch 1
a: no special abilities


You were on level 5 of the Dungeon.
You visited 2 branches of the dungeon, and saw 6 of its levels.

You collected 270 gold pieces.

Inventory:

Hand Weapons
 p - a +0 short sword
 C - the +0 morningstar of Haupal (weapon) {flame, Fly Dex+4 Stlth+}
   (You found it on level 5 of the Dungeon)

   Dex+4:     It affects your dexterity (+4).
   Fly:       It grants you flight.
   Stlth+:    It makes you more stealthy.
Missiles
 h - 9 poisoned darts (quivered)
 n - 3 curare-tipped darts
Armour
 a - a +0 robe (worn)
 f - a +0 kite shield
 m - a +0 pair of boots (worn)
 s - a +1 ring mail of cold resistance
 w - a +0 pair of gloves (worn)
Scrolls
 c - a scroll of amnesia {unknown}
 e - a scroll of acquirement {unknown}
 g - 3 scrolls of identify {unknown}
 j - 3 scrolls of brand weapon {unknown}
 q - a scroll of revelation {unknown}
 r - a scroll of enchant weapon {unknown}
 t - a scroll of poison {unknown}
 u - a scroll of fear {unknown}
 x - a scroll of blinking {unknown}
 y - a scroll of noise {unknown}
 A - a scroll of vulnerability {unknown}
Potions
 b - 2 potions of magic
 d - a potion of heal wounds {unknown}
 i - a potion of might {unknown}
 k - 2 potions of brilliance {unknown}
 l - a potion of cancellation {unknown}
 o - a potion of curing {unknown}
 v - a potion of degeneration {unknown}
 z - a potion of haste {unknown}
 B - a potion of mutation {unknown}


   Skills:
 + Level 3.2 Fighting
 + Level 4.0 Dodging
 - Level 2.6 Stealth
 + Level 4.1 Spellcasting
 + Level 6.2 Necromancy


You had 6 spell levels left.
You knew the following spells:

 Your Spells              Type           Power      Damage    Failure   Level
a - Necrotise             Necr           96%        1d8       1%          1
b - Vampiric Draining     Necr           24%        2d7       3%          3
c - Animate Dead          Necr           24%        N/A       12%         4

Your spell library contained the following spells:

 Spells                   Type           Power      Damage    Failure   Level
 Scorch                   Fire           6%         2d5       24%         2
 Curse of Agony           Necr           24%        N/A       32%         5
 Stone Arrow              Conj/Erth      6%         3d7       43%         3
 Animate Armour           Summ/Erth      6%         N/A       83%         4
 Flame Wave               Conj/Fire      3%         2d5       83%         4
 Iskenderun's Battlesphe  Conj           3%         2d6       99%         5
 Bombard                  Conj/Erth      1%         9d1       100%        6
 Summon Cactus Giant      Summ           1%         N/A       100%        6
 Spellforged Servitor     Conj/Summ      1%         N/A       100%        7
 Lehudib's Crystal Spear  Conj/Erth      1%         10d2      100%        8


Dungeon Overview and Level Annotations

Branches:
Dungeon (5/15)             Temple (1/1) D:4

Altars:
Ashenzari
Cheibriados
Dithmenos
Fedhas
Gozag
Makhleb
Nemelex Xobeh
Okawaru
Qazlal
Sif Muna
Trog
Uskayaw
Vehumet
Wu Jian
Xom
Yredelemnul

Annotations:
D:4 2 runed translucent doors, Menkaure; seawaffle's ghost, novice TrSh


Innate Abilities, Weirdness & Mutations

You have a pair of antennae on your head.
Your demonic aura sometimes causes spilled blood to erupt in flames.
Your touch may inflict minor irresistible damage on your foes.


Message History

The arrow hits you!
The centaur shoots an arrow.
The arrow closely misses you.
You see here the +0 morningstar of Haupal {flame, Fly Dex+4 Stlth+}.
You feel agile.
You fly up into the air.
The +0 morningstar of Haupal {flame, Fly Dex+4 Stlth+} bursts into flame!
C - the +0 morningstar of Haupal (weapon)
{flame, Fly Dex+4 Stlth+} The centaur shoots an arrow.
The arrow hits you!
The centaur shoots an arrow.
The arrow hits you but does no damage.
The centaur shoots an arrow.
The arrow closely misses you.
There is an open door here.
An adder is nearby!
Casting: Necrotise (safe; 1% risk of failure)
Confirm with . or Enter, or press ? or * to list all spells.
Aiming: Necrotise (safe; 1% risk of failure)
Press: ? - help, Shift-Dir - straight line, f - adder
Aim: an adder (chance to affect: 88%)
The adder writhes in agony.
The adder barely misses you.
You closely miss the adder. Your touch misses the adder.
The adder is heavily wounded.
The adder bites you.
You are poisoned.
The adder poisons you! The adder misses you.
You barely miss the adder.
The adder is heavily wounded.
You feel sick. The adder bites you.
You are more poisoned.
The adder poisons you! The adder bites you but does no damage.
Casting: Necrotise (safe; 1% risk of failure)
Confirm with . or Enter, or press ? or * to list all spells.
Aiming: Necrotise (safe; 1% risk of failure)
Press: ? - help, Shift-Dir - straight line, f/p - adder
Aim: an adder (heavily wounded, chance to affect: 88%)
The adder writhes in agony!
You kill the adder!
The dead are slithering!
You feel sick.
The centaur shoots an arrow.
The arrow hits you!
The centaur shoots an arrow.
The arrow hits you!
* * * LOW HITPOINT WARNING * * *
The centaur shoots an arrow.
The arrow closely misses you.
The centaur shoots an arrow.
The arrow hits you!
You die...

##.#.## #..#..#
##.###.## ###..# #..#
##### ####...## ##..
#...#####....###.. ###
#.Z.'..c.........# #
#..c#####....###...###
#.#.#.#
###.c.@..####...#
{##.. #
#.#.#.##..#+####.#
###..# #..#
#.#.#.#.....# #.#
#.###.## #.#.#.#..._.#
#.# #..#..#
......#.....#.####.#
##.#.### #.#...#..#
#.#....# #.#.#
..#....######.....##
#...#.
#..........####.#[#
##.##.#
#.#..#..........#.#
#.##..


You could see 2 centaurs and a friendly adder skeleton.

Vanquished Creatures
  A black bear (D:4)
  An ogre (D:5)
  2 scorpions (D:5)
  2 bombardier beetles
  A hound (D:4)
  A jelly (D:5)
  2 orc priests (D:4)
  2 orc wizards
  A sleepcap (D:5)
  5 adders
  3 gnolls (D:5)
  A dart slug (D:2)
  A ribbon worm (D:3)
  9 orcs
  7 ball pythons
  A bat (D:1)
  4 endoplasms
  3 giant cockroaches
  4 goblins
  4 hobgoblins
  4 jackals (D:2)
  10 kobolds
  A quokka (D:1)
  4 frilled lizards
  5 rats
79 creatures vanquished.

Vanquished Creatures (collateral kills)
  A ball python (D:1)
  2 frilled lizards
3 creatures vanquished.

Grand Total: 82 creatures vanquished

Notes
Turn   | Place    | Note
-------+----------+-------------------------------------------
     0 | D:1      | PaiMei the Demonspawn Necromancer began the quest for the
                  | Orb.
     0 | D:1      | Reached XP level 1. HP: 13/13 MP: 3/3
   426 | D:1      | Discovered your monstrous ancestry.
   426 | D:1      | Gained mutation: You have a pair of small antennae on your
                  | head. [demonic ancestry]
   426 | D:1      | Reached XP level 2. HP: 19/19 MP: 3/5
  1164 | D:2      | Reached XP level 3. HP: 24/24 MP: 4/6
  1437 | D:2      | You fall into a shaft and drop 1 floor!
  1501 | D:2      | Found a faded altar of an unknown god.
  1843 | D:3      | Reached XP level 4. HP: 15/30 MP: 0/8
  1924 | D:3      | Learned a level 3 spell: Vampiric Draining
  2065 | D:3      | Reached skill level 5 in Necromancy
  2969 | D:4      | Noticed Menkaure
  3021 | D:4      | Noticed a black bear
  3254 | D:4      | Found a staircase to the Ecumenical Temple.
  3265 | Temple   | Entered the Ecumenical Temple
  3336 | D:4      | Reached skill level 1 in Fighting
  3336 | D:4      | Gained mutation: You have a pair of antennae on your head.
                  | [demonic ancestry]
  3336 | D:4      | Reached XP level 5. HP: 37/37 MP: 3/9
  3865 | D:4      | Found a runed translucent door.
  3870 | D:4      | Noticed seawaffle's ghost (novice TrSh)
  3886 | D:4      | Killed a black bear
  3887 | D:4      | Gained mutation: Your demonic aura sometimes causes spilled
                  | blood to erupt in flames. [demonic ancestry]
  3887 | D:4      | Reached XP level 6. HP: 5/44 MP: 0/11
  4355 | D:4      | Found a shimmering altar of Xom.
  4617 | D:4      | Found a runed translucent door.
  5419 | D:5      | Entered Level 5 of the Dungeon
  5954 | D:5      | Reached skill level 6 in Necromancy
  5954 | D:5      | Gained mutation: Your touch may inflict minor irresistible
                  | damage on your foes. [demonic ancestry]
  5954 | D:5      | Reached XP level 7. HP: 51/51 MP: 7/12
  6636 | D:5      | Found a burning altar of Makhleb.
  6693 | D:5      | Learned a level 4 spell: Animate Dead
  6893 | D:5      | Identified the +0 morningstar of Haupal {flame, Fly Dex+4
                  | Stlth+}
  6907 | D:5      | Shot with an arrow by a centaur

Illustrated notes

Levels and vault maps discovered:
D:1:      dpeg_arrival_houses_and_road, layout_rooms
D:2:      layout_loops_cross, shapermc_ecumenical_altar_pompeii, glass_columns_c
D:3:      layout_loops_corners, lexackson_kobold_supper
D:4:      layout_layer_cave, mainiacjoe_overflow_six_doors_small,
          minmay_temple_entry_overgrown, ebering_ghost_sewer_f,
          chequers_serial_rivers_micro_b, serial_library_hellmonk_small_corner,
          amcnicky_mini_pool_small, uniq_menkaure
D:5:      minmay_general_purpose_star, layout_basic,
          mainiacjoe_overflow_alcove_1, uniq_eustachio
Temple:   nicolae_temple_slightly_damp_pantheon

Skill      XL: |  1  2  3  4  5  6  7 |
---------------+----------------------+-----
Dodging        | 2 3 4 |  4.0
Stealth        | 2 |  2.6
Necromancy     | 5 6 |  6.2
Fighting       | 1 2 3 |  3.2
Spellcasting   | 3 4 |  4.1

Action                     |  1- 3 |  4- 6 |  7- 9 || total
---------------------------+-------+-------+-------++-------
  Melee: Unarmed           |     2 |       |       ||     2
         Dagger            |     1 |       |       ||     1
         Short sword       |     5 |    10 |     8 ||    23
         Punch             |       |     1 |       ||     1
         Morningstar       |       |       |     2 ||     2
   Cast: Necrotise         |    57 |    93 |    34 ||   184
         Vampiric Draining |       |     7 |       ||     7
 Armour: Robe              |     4 |    36 |    27 ||    67
  Dodge: Dodged            |    16 |    31 |    18 ||    65
